 Dungeon Crawl Stone Soup version 0.28-a0-863-g8cecda6153 (webtiles) character file.

Game seed: 2593940082908809227

120 gigimoi the Sneak (level 5, -3/28 HPs)
             Began as a Kobold Enchanter on Nov 17, 2021.
             Slain by Grinder (6 damage)
             ... while paralysed by Grinder
             ... on level 3 of the Dungeon.
             The game lasted 00:14:09 (4048 turns).

gigimoi the Sneak (Kobold Enchanter)                Turns: 4048, Time: 00:14:09

Health: -3/28      AC:  8    Str:  6    XL:     5   Next: 25%
Magic:  6/9        EV:  3    Int: 16    God:
Gold:   58         SH:  0    Dex: 16    Spells: 4/9 levels left

rFire   . . .      SeeInvis .   a - +1 dagger
rCold   . . .      Faith    .   t - +0 buckler
rNeg    . . .      Spirit   .   b - +0 robe
rPois   .          Reflect  .   (no helmet)
rElec   .          Harm     .   s - +0 cloak
rCorr   .          Rampage  .   (no gloves)
Will    .....                   m - +0 pair of boots
Stlth   ++++......              (no amulet)
HPRegen 0.09/turn               d - +4 ring of protection
MPRegen 0.11/turn               j - ring of wizardry

@: paralysed, confusing by touch, invisible
A: small, no large weapons, nightstalker 3
a: no special abilities


You were on level 3 of the Dungeon.
You visited 1 branch of the dungeon, and saw 4 of its levels.

You collected 58 gold pieces.

Inventory:

Hand Weapons
 a - a +1 dagger (weapon)
 f - a +1 falchion of holy wrath
Missiles
 r - 19 poisoned darts (quivered)
Armour
 b - a +0 robe (worn)
 m - a +0 pair of boots (worn)
 s - a +0 cloak (worn)
 t - a +0 buckler (worn)
Jewellery
 d - a +4 ring of protection (left hand)
 j - a ring of wizardry (right hand)
 n - a ring of ice
Scrolls
 h - a scroll of amnesia {unknown}
 k - 2 scrolls of immolation {unknown}
 l - a scroll of fear {unknown}
 o - a scroll of identify {unknown}
Potions
 e - a potion of lignification {unknown}
 g - a potion of mutation {unknown}
 i - a potion of heal wounds {unknown}
 p - a potion of flight {unknown}
 q - a potion of attraction {unknown}


   Skills:
 * Level 3.3 Short Blades
 + Level 3.0 Dodging
 * Level 5.2 Stealth
 + Level 2.7 Spellcasting
 * Level 3.8 Hexes


You had 4 spell levels left.
You knew the following spells:

 Your Spells              Type           Power      Damage    Failure   Level
a - Ensorcelled Hibernat  Hex/Ice        16%        N/A       9%          2
b - Confusing Touch       Hex            14%        N/A       9%          3

Your spell library contained the following spells:

 Spells                   Type           Power      Damage    Failure   Level
 Tukima's Dance           Hex            14%        N/A       9%          3
 Dazzling Flash           Conj/Hex       16%        N/A       17%         3
 Gell's Gravitas          Tloc           2%         N/A       34%         3
 Teleport Other           Tloc           2%         N/A       34%         3
 Passage of Golubria      Tloc           2%         N/A       75%         4
 Yara's Violent Unravell  Hex/Tmut       4%         3d4       82%         5
 Dispersal                Tloc           1%         N/A       100%        6


Dungeon Overview and Level Annotations

Branches:
Dungeon (4/15)
 Temple: D:4-7

Altars:

Annotations:
D:3 Grinder


Innate Abilities, Weirdness & Mutations

You are small and have problems with some larger weapons.
You are completely attuned to the shadows.


Message History

You see here a +0 buckler.
t - a +0 buckler The helpless frilled lizard fails to defend itself.
You impale the frilled lizard!!
You kill the frilled lizard!
You start putting on your armour.
You continue putting on your +0 buckler. x4
You finish putting on your +0 buckler.
Grinder comes into view.
A bat comes into view.
Grinder shouts!
Casting: Ensorcelled Hibernation (safe; 9% risk of failure)
Confirm with . or Enter, or press ? or * to list all spells.
Okay, then.
Casting: Ensorcelled Hibernation (safe; 9% risk of failure)
Confirm with . or Enter, or press ? or * to list all spells.
You can't see any susceptible monsters within range! (Use Z to cast anyway.) Grinder gestures at you.
You suddenly lose the ability to move!
Grinder hits you. Grinder hits you but does no damage. Grinder hits you!
You can move again.
Casting: Ensorcelled Hibernation (safe; 9% risk of failure)
Confirm with . or Enter, or press ? or * to list all spells.
You can't see any susceptible monsters within range! (Use Z to cast anyway.)
Casting: Ensorcelled Hibernation (safe; 9% risk of failure)
Confirm with . or Enter, or press ? or * to list all spells.
The spell is quite dangerous to cast (9% risk of failure)!
Continue anyway?
Your hands begin to glow red.
Grinder hits you.
You writhe in agony.
You hit Grinder but do no damage. Grinder hits you.
* * * LOW HITPOINT WARNING * * *
You writhe in agony.
* * * LOW HITPOINT WARNING * * *
You fade into invisibility!
Grinder gestures at you.
You suddenly lose the ability to move!
Grinder hits you but does no damage. Grinder hits you.
You die...

##......
#......#........
......
#...............
###
#......#........
...#..##........
#.##.##........
#...
#..#...........
#...
#####....#########
#... #........#
#...###@#####..#
......5.# #....
.....#### #....
....## .... ####


You could see Grinder.

Vanquished Creatures
  An orc wizard (D:3)
  2 adders (D:2)
  A worm (D:2)
  2 dart slugs (D:2)
  6 orcs
  A ball python (D:1)
  7 bats
  5 endoplasms
  A giant cockroach (D:2)
  3 goblins
  5 hobgoblins
  6 jackals
  9 kobolds
  2 quokkas
  2 frilled lizards
  5 rats
58 creatures vanquished.

Notes
Turn   | Place    | Note
-------+----------+-------------------------------------------
     0 | D:1      | gigimoi the Kobold Enchanter began the quest for the Orb.
     0 | D:1      | Reached XP level 1. HP: 10/10 MP: 3/3
   324 | D:1      | Reached XP level 2. HP: 15/15 MP: 5/5
   609 | D:1      | Learned a level 2 spell: Ensorcelled Hibernation
   797 | D:2      | Reached XP level 3. HP: 19/19 MP: 3/6
  1180 | D:2      | Reached XP level 4. HP: 24/24 MP: 7/7
  1566 | D:1      | Found a faded altar of an unknown god.
  3202 | D:2      | Reached skill level 5 in Stealth
  3626 | D:4      | Learned a level 3 spell: Confusing Touch
  3639 | D:3      | Reached XP level 5. HP: 23/28 MP: 0/8
  4034 | D:3      | Noticed Grinder
  4037 | D:3      | Paralysed by Grinder for 6 turns
  4046 | D:3      | Paralysed by Grinder for 3 turns
  4048 | D:3      | Slain by Grinder

Illustrated notes

Levels and vault maps discovered:
D:1:      psy_arrival_fountain, layout_rooms, chequers_ecumenical_altar_simple,
          minmay_tetromino_t4
D:2:      minmay_chambers_of_ones, layout_basic, serial_rivers,
          chequers_serial_rivers_micro_a, chequers_serial_rivers_small_a,
          chequers_serial_rivers_micro_e, chequers_serial_rivers_small_a,
          chequers_serial_rivers_small_3, chequers_serial_rivers_small_3
D:3:      layout_rooms, ebering_ghost_reflecting_pool, uniq_grinder
D:4:      layout_gridville, mainiacjoe_overflow_small_starburst,
          minmay_misc_feat_diagonals, hangedman_decor_push

Skill      XL: |  1  2  3  4  5 |
---------------+----------------+-----
Short Blades   | 2 3 |  3.3
Stealth        | 5 |  5.2
Dodging        | 3 |  3.0
Spellcasting   | |  2.7
Hexes          | |  3.8

Action                   |  1- 3 |  4- 6 || total
-------------------------+-------+-------++-------
Melee: Dagger            |    49 |   104 ||   153
 Cast: Ensorcelled Hiber |     8 |    27 ||    35
       Confusing Touch   |       |     2 ||     2
  Use: Scroll            |       |     1 ||     1
       Potion            |       |     1 ||     1
 Stab: Sleeping          |    20 |    21 ||    41
       Confused          |       |     1 ||     1
Armor: Robe              |     6 |    28 ||    34
Dodge: Dodged            |    37 |    63 ||   100

Table legend: (Time is in decaauts)
 A = Elapsed time spent in this place.
 B = Non-inter-level travel time spent in this place.
 C = Inter-level travel time spent in this place.
 D = Time resting spent in this place.
 E = Time spent auto-exploring this place.
 F = Levels seen in this place.
 G = Mean time per level.
                   A        B        C        D        E       F      G
               +--------+--------+--------+--------+--------+-----+--------+
         Total |   4047 |   3855 |    192 |   1776 |   1559 |   4 | 1011.8 |
       Dungeon |   4047 |   3855 |    192 |   1776 |   1559 |   4 | 1011.8 |
               +--------+--------+--------+--------+--------+-----+--------+

Top non-repeatable levels by time:
     D:2: 1712 daAuts
     D:1: 1471 daAuts
     D:3: 496 daAuts
     D:4: 367 daAuts
